[Event "17th Memorial Lezcano Montalvo 2025"]
[Site "Gran Canaria"]
[Date "2025.04.16"]
[Round "5.1"]
[White "Kovchan, Alexander"]
[Black "Larino Nieto, David"]
[Result "0-1"]
[Annotator "RC"]
[ECO "B15"]
[WhiteElo "2433"]
[BlackElo "2448"]
[PlyCount "38"]
[EventDate "2025.04.13"]
[EventType "swiss"]
[EventCountry "ESP"]
[SourceTitle "playchess.com"]
[Source "ChessBase"]
[SourceQuality "1"]
[TimeControl "5400+30"]

1. e4 c6 2. d4 g6 3. Nc3 d5 4. e5 Nh6 5. Bf4 f6 6. Qe2 Nf5 7. O-O-O fxe5 8. dxe5 Qa5 9. e6 d4 10. g4 dxc3 11. gxf5 Qb4 12. bxc3 Qxf4+ 13. Kb1 Bg7 14. fxg6 hxg6 15. Rd3 Na6 16. Nh3 Qf6 17. Re3 Nc7 18. Bg2 Bxe6 19. Re1 O-O-O 0-1

[Event "17th Memorial Lezcano Montalvo 2025"]
[Site "Gran Canaria"]
[Date "2025.04.16"]
[Round "5.2"]
[White "Akhvlediani, Irakli"]
[Black "Petriashvili, Nikoloz"]
[Result "1/2-1/2"]
[Annotator "RC"]
[ECO "D15"]
[WhiteElo "2387"]
[BlackElo "2459"]
[PlyCount "62"]
[EventDate "2025.04.13"]
[EventType "swiss"]
[EventCountry "ESP"]
[SourceTitle "playchess.com"]
[Source "ChessBase"]
[SourceQuality "1"]
[TimeControl "5400+30"]

1. Nf3 d5 2. c4 c6 3. d4 Nf6 4. Nc3 dxc4 5. Ne5 Nbd7 6. Nxc4 b5 7. Ne5 Nxe5 8. dxe5 Qxd1+ 9. Nxd1 Nd7 10. e6 Nb6 11. exf7+ Kxf7 12. g3 g6 13. Bg2 Bd7 14. h4 Bg7 15. h5 Rac8 16. Bd2 Nc4 17. Bc3 Bxc3+ 18. bxc3 g5 19. a4 a6 20. axb5 axb5 21. Ra7 Be6 22. Ne3 Ra8 23. Rxa8 Rxa8 24. O-O Nxe3 25. fxe3+ Kg7 26. Bxc6 Rc8 27. Bxb5 Rxc3 28. Kf2 h6 29. Bd3 Rc8 30. Bg6 Rf8+ 31. Kg1 Rxf1+ 1/2-1/2

[Event "17th Memorial Lezcano Montalvo 2025"]
[Site "Gran Canaria"]
[Date "2025.04.16"]
[Round "5.3"]
[White "Alsina Leal, Daniel"]
[Black "Ambartsumova, Karina"]
[Result "1-0"]
[Annotator "RC"]
[ECO "C56"]
[WhiteElo "2496"]
[BlackElo "2405"]
[PlyCount "82"]
[EventDate "2025.04.13"]
[EventType "swiss"]
[EventCountry "ESP"]
[SourceTitle "playchess.com"]
[Source "ChessBase"]
[SourceQuality "1"]
[TimeControl "5400+30"]

1. e4 e5 2. Nf3 Nc6 3. d4 exd4 4. Bc4 Nf6 5. e5 d5 6. Bb5 Ne4 7. Nxd4 Bd7 8. Bxc6 bxc6 9. O-O Bc5 10. f3 Ng5 11. f4 Ne4 12. Be3 Bb6 13. Nd2 Nxd2 14. Qxd2 c5 15. Nf3 Bf5 16. a4 a5 17. c3 O-O 18. Rad1 Qd7 19. b3 Rad8 20. h3 f6 21. Qf2 Qc6 22. Kh2 Kh8 23. Rd2 Be4 24. Rfd1 Kg8 25. Qg3 Kh8 26. Qg4 Rfe8 27. Bf2 Qe6 28. Bh4 Bf5 29. Qg3 Be4 30. Re1 Rb8 31. exf6 gxf6 32. Rxd5 Bxd5 33. Rxe6 Rxe6 34. f5 Rg8 35. Qf4 Bxf3 36. Qxf3 Rd6 37. c4 Rf8 38. Qe3 Kg7 39. Bg3 Rd7 40. Bf4 Kh8 41. Qe6 Rdd8 1-0

[Event "17th Memorial Lezcano Montalvo 2025"]
[Site "Gran Canaria"]
[Date "2025.04.16"]
[Round "5.4"]
[White "Narciso Dublan, Marc"]
[Black "Kaczur, Florian"]
[Result "1/2-1/2"]
[Annotator "RC"]
[ECO "D00"]
[WhiteElo "2376"]
[BlackElo "2495"]
[PlyCount "140"]
[EventDate "2025.04.13"]
[EventType "swiss"]
[EventCountry "ESP"]
[SourceTitle "playchess.com"]
[Source "ChessBase"]
[SourceQuality "1"]
[TimeControl "5400+30"]

1. d4 Nf6 2. Bg5 d5 3. e3 c5 4. Bxf6 exf6 5. dxc5 Bxc5 6. Nc3 Be6 7. Bb5+ Nc6 8. Nge2 O-O 9. O-O Qd6 10. Nf4 Rad8 11. Nce2 Bb6 12. c3 Bc7 13. Ng3 Qc5 14. Bxc6 bxc6 15. Qa4 Rb8 16. b3 Rfe8 17. Rac1 Rbd8 18. Rfd1 Bb6 19. Nge2 Bc8 20. Qb4 Qf8 21. Qxf8+ Kxf8 22. b4 Bg4 23. Kf1 a5 24. Rd2 Ra8 25. Nd4 Bd7 26. a3 axb4 27. axb4 Reb8 28. Rb2 Bc7 29. Nd3 Be5 30. Nc5 Be8 31. Ke2 Ra3 32. Kd3 Bd6 33. Rcb1 g6 34. Kc2 h5 35. h4 Ke7 36. Rb3 Raa8 37. Nd3 Kd8 38. Kb2 Rb7 39. Ra1 Rxa1 40. Kxa1 Be5 41. Ra3 Bxd4 42. exd4 g5 43. g3 Re7 44. Ra8+ Kc7 45. Kb2 Bd7 46. Rg8 Bf5 47. Nc5 Re2+ 48. Ka3 Rxf2 49. hxg5 fxg5 50. Rxg5 Rf3 51. b5 cxb5 52. Rxh5 Bg6 53. Rxd5 Kc6 54. Rg5 Rxc3+ 55. Kb2 Rc2+ 56. Kb3 Rc4 57. Rg4 Kd5 58. Na6 Bc2+ 59. Kb2 Be4 60. Rf4 Kxd4 61. Rxf7 Rc2+ 62. Ka3 Bd5 63. Rf4+ Ke5 64. Nb4 Rc3+ 65. Kb2 Rb3+ 66. Kc2 Bc4 67. Nc6+ Kd5 68. Na5 Rxg3 69. Nxc4 bxc4 70. Rf8 Rh3 1/2-1/2

[Event "17th Memorial Lezcano Montalvo 2025"]
[Site "Gran Canaria"]
[Date "2025.04.16"]
[Round "5.5"]
[White "Korneev, Oleg"]
[Black "Matnadze Bujiashvili, Ann"]
[Result "1/2-1/2"]
[Annotator "RC"]
[ECO "B12"]
[WhiteElo "2466"]
[BlackElo "2329"]
[PlyCount "80"]
[EventDate "2025.04.13"]
[EventType "swiss"]
[EventCountry "ESP"]
[SourceTitle "playchess.com"]
[Source "ChessBase"]
[SourceQuality "1"]
[TimeControl "5400+30"]

1. e4 c6 2. d4 d5 3. e5 Bf5 4. Bd3 Bxd3 5. Qxd3 e6 6. Ne2 h5 7. O-O Nh6 8. Nd2 Nf5 9. Nf3 Be7 10. Ng3 g6 11. a4 a5 12. Qb3 Na6 13. c3 Rb8 14. Be3 h4 15. Nxf5 gxf5 16. h3 Rg8 17. Kh1 b6 18. Ne1 Nc7 19. Nd3 c5 20. Qd1 c4 21. Nf4 Kd7 22. b3 Bg5 23. Nh5 Kc8 24. Qe2 Kb7 25. Bxg5 Rxg5 26. Rfb1 Rc8 27. Nf4 Na6 28. Ra2 Nb8 29. b4 Nc6 30. bxa5 Nxa5 31. Rb5 Ra8 32. Qb2 Ra6 33. Qb4 Ka7 34. Rb2 Nb3 35. a5 Nxa5 36. Kh2 Nc6 37. Qd6 Qxd6 38. exd6 Nb8 39. g3 Nd7 40. gxh4 Rg8 1/2-1/2

[Event "17th Memorial Lezcano Montalvo 2025"]
[Site "Gran Canaria"]
[Date "2025.04.16"]
[Round "5.6"]
[White "Pap, Misa"]
[Black "Tytynnik, Artem"]
[Result "1/2-1/2"]
[Annotator "RC"]
[ECO "B90"]
[WhiteElo "2444"]
[BlackElo "2209"]
[PlyCount "161"]
[EventDate "2025.04.13"]
[EventType "swiss"]
[EventCountry "ESP"]
[SourceTitle "playchess.com"]
[Source "ChessBase"]
[SourceQuality "1"]
[TimeControl "5400+30"]

1. e4 c5 2. Nf3 d6 3. d4 cxd4 4. Nxd4 Nf6 5. Nc3 a6 6. h3 e5 7. Nb3 h5 8. g3 Be7 9. Be3 Nbd7 10. a4 b6 11. Bg2 Bb7 12. O-O Rc8 13. Nd5 Nxd5 14. exd5 h4 15. g4 Bg5 16. f4 exf4 17. Bxf4 Bxf4 18. Rxf4 Ne5 19. Nd4 O-O 20. b3 Qg5 21. Qd2 Ng6 22. Rf2 Qxd2 23. Rxd2 Rc3 24. Nf5 Rd8 25. Re1 Kf8 26. Re4 Bc8 27. Rb4 b5 28. axb5 axb5 29. Rf2 Rc5 30. Nd4 Bd7 31. g5 Re8 32. Kh2 Re5 33. Nc6 Rxg5 34. c4 bxc4 35. Rb8+ Be8 36. b4 Rcxd5 37. Bxd5 Rxd5 38. b5 c3 39. Re2 Ne5 40. Nxe5 dxe5 41. b6 Rb5 42. b7 f6 43. Rc2 Rb3 44. Rxc3 Rxc3 45. Rxe8+ Kxe8 46. b8=Q+ Kf7 47. Qb7+ Kg8 48. Qe4 Rg3 49. Qxh4 Rg5 50. Qe4 Kf7 51. h4 Rg6 52. Qd5+ Kf8 53. Kh3 Ke7 54. Qg8 f5 55. Qc8 Rf6 56. Qc7+ Kf8 57. Qb8+ Kf7 58. Qxe5 f4 59. Qd5+ Kf8 60. Qf3 Kg8 61. h5 Kh7 62. Kg4 Kh6 63. Qa8 Kh7 64. Kf3 Rh6 65. Qe4+ Kg8 66. Qe8+ Kh7 67. Kxf4 Rf6+ 68. Kg5 Rh6 69. Qe4+ Kg8 70. Qc4+ Kh7 71. Qf7 Rf6 72. Qe8 Rh6 73. Kf5 Rf6+ 74. Ke5 Rh6 75. Kd5 Rf6 76. Qe5 Rh6 77. Qf5+ Kg8 78. Ke5 Rf6 79. Qg4 Kh7 80. Qg5 Kg8 81. Ke4 1/2-1/2

[Event "17th Memorial Lezcano Montalvo 2025"]
[Site "Gran Canaria"]
[Date "2025.04.16"]
[Round "5.7"]
[White "Yelisieiev, Yevhenii"]
[Black "Fiorito, Francisco"]
[Result "0-1"]
[Annotator "RC"]
[ECO "E60"]
[WhiteElo "2413"]
[BlackElo "2431"]
[PlyCount "126"]
[EventDate "2025.04.13"]
[EventType "swiss"]
[EventCountry "ESP"]
[SourceTitle "playchess.com"]
[Source "ChessBase"]
[SourceQuality "1"]
[TimeControl "5400+30"]

1. d4 Nf6 2. c4 g6 3. Nf3 Bg7 4. g3 b6 5. Nc3 Bb7 6. d5 Na6 7. Bg2 O-O 8. O-O Nc5 9. Re1 e6 10. e4 d6 11. e5 dxe5 12. Nxe5 exd5 13. cxd5 Re8 14. Qf3 Ncd7 15. Bf4 Nxe5 16. Bxe5 a6 17. Rad1 Nd7 18. Bxg7 Rxe1+ 19. Rxe1 Kxg7 20. Qf4 Nf6 21. d6 Bxg2 22. dxc7 Qd7 23. Kxg2 Rc8 24. Rd1 Qc6+ 25. Kg1 Qxc7 26. Rd6 Qe7 27. Qd4 b5 28. Rxa6 Rd8 29. Qe3 Qxe3 30. fxe3 b4 31. Na4 Ng4 32. h3 Rd1+ 33. Kg2 Nxe3+ 34. Kf2 Nc4 35. b3 Rd2+ 36. Ke1 Rxa2 37. bxc4 b3 38. Rb6 Rxa4 39. Rxb3 Rxc4 40. Kf2 g5 41. Kf3 h5 42. Ra3 Kg6 43. Rb3 f6 44. Ra3 Rc2 45. h4 g4+ 46. Ke3 Rg2 47. Kf4 Rf2+ 48. Ke4 f5+ 49. Ke5 Re2+ 50. Kd4 Re4+ 51. Kd5 Re7 52. Ra6+ Kf7 53. Rh6 Re3 54. Rxh5 Kg6 55. Rh8 Rxg3 56. h5+ Kg7 57. Ra8 Re3 58. Ra6 g3 59. Rg6+ Kh7 60. Kd4 f4 61. Rg4 Re8 62. Rxf4 g2 63. Rg4 Rg8 0-1

[Event "17th Memorial Lezcano Montalvo 2025"]
[Site "Gran Canaria"]
[Date "2025.04.16"]
[Round "5.8"]
[White "Maerevoet, Sim"]
[Black "Strikovic, Aleksa"]
[Result "1-0"]
[Annotator "RC"]
[ECO "C41"]
[WhiteElo "2451"]
[BlackElo "2367"]
[PlyCount "85"]
[EventDate "2025.04.13"]
[EventType "swiss"]
[EventCountry "ESP"]
[SourceTitle "playchess.com"]
[Source "ChessBase"]
[SourceQuality "1"]
[TimeControl "5400+30"]

1. e4 d6 2. d4 Nf6 3. Nc3 e5 4. Nf3 Nbd7 5. Be3 Ng4 6. Bd2 c6 7. h3 Ngf6 8. Be3 b5 9. Bd3 Bb7 10. O-O Be7 11. a4 a6 12. Ne2 O-O 13. c3 d5 14. Nxe5 Nxe4 15. Bxe4 dxe4 16. Ng3 Nxe5 17. dxe5 Qc7 18. Qg4 Qxe5 19. Bd4 Qg5 20. Qxg5 Bxg5 21. Nxe4 c5 22. Nxc5 Bc6 23. Rfe1 h6 24. b4 Rfc8 25. Ra3 Bf4 26. Nd3 Bd6 27. a5 Re8 28. Be5 Bf8 29. Raa1 Rad8 30. Bd4 f6 31. f3 Rxe1+ 32. Rxe1 Kf7 33. h4 Bd6 34. Kf2 h5 35. Bc5 Bf8 36. Re3 Bd6 37. Bxd6 Rxd6 38. Nc5 Bd7 39. Rd3 Rxd3 40. Nxd3 Ke7 41. Ke3 Kd6 42. Kd4 Bc8 43. Nf4 1-0

[Event "17th Memorial Lezcano Montalvo 2025"]
[Site "Gran Canaria"]
[Date "2025.04.16"]
[Round "5.9"]
[White "Rodriguez Avila, Alvaro"]
[Black "Martinez Ramirez, Lennis"]
[Result "0-1"]
[Annotator "RC"]
[ECO "B27"]
[WhiteElo "2212"]
[BlackElo "2443"]
[PlyCount "116"]
[EventDate "2025.04.13"]
[EventType "swiss"]
[EventCountry "ESP"]
[SourceTitle "playchess.com"]
[Source "ChessBase"]
[SourceQuality "1"]
[TimeControl "5400+30"]

1. e4 c5 2. Nf3 g6 3. c3 d5 4. e5 Nc6 5. d4 Bg4 6. Bb5 Qa5 7. Bxc6+ bxc6 8. O-O e6 9. Nbd2 c4 10. h3 Bf5 11. Re1 Rb8 12. b4 Qc7 13. Nf1 h6 14. Ng3 Bd3 15. Nh2 a5 16. a3 Ra8 17. Be3 Be7 18. Qd2 Ra6 19. Ra2 Kd7 20. Rea1 Qa7 21. Nf3 g5 22. Ne1 Bg6 23. Ne2 Bd8 24. bxa5 Ne7 25. Nc2 Rxa5 26. Rb2 Bc7 27. Nb4 Nf5 28. Nc2 Rb8 29. Nb4 Ra8 30. Kh1 Rf8 31. Ng3 Nxe3 32. Qxe3 f6 33. Qf3 Qa8 34. exf6 Qd8 35. Nh5 Bxh5 36. Qxh5 Qxf6 37. Re2 Qf4 38. g3 Qf3+ 39. Qxf3 Rxf3 40. Rc2 e5 41. Kg2 e4 42. Rcc1 Ra4 43. Ra2 h5 44. Raa1 Bd6 45. Na2 Rxa3 46. Rc2 c5 47. dxc5 Bxc5 48. Rd1 Ke6 49. Rdd2 h4 50. gxh4 gxh4 51. Rb2 Rb3 52. Rbc2 Ke5 53. Re2 Ba3 54. Re3 Kf4 55. Rce2 Bc5 56. Nb4 Bxb4 57. cxb4 Rxb4 58. Rd2 Rxe3 0-1

[Event "17th Memorial Lezcano Montalvo 2025"]
[Site "Gran Canaria"]
[Date "2025.04.16"]
[Round "5.10"]
[White "Fiorito, Joaquin"]
[Black "Paquico Rodriguez, Ivan"]
[Result "1-0"]
[Annotator "RC"]
[ECO "A41"]
[WhiteElo "2402"]
[BlackElo "2202"]
[PlyCount "87"]
[EventDate "2025.04.13"]
[EventType "swiss"]
[EventCountry "ESP"]
[SourceTitle "playchess.com"]
[Source "ChessBase"]
[SourceQuality "1"]
[TimeControl "5400+30"]

1. d4 g6 2. c4 Bg7 3. Nf3 d6 4. Nc3 e5 5. dxe5 dxe5 6. Qxd8+ Kxd8 7. g3 h6 8. Bg2 Nc6 9. O-O Bf5 10. Rd1+ Kc8 11. Nh4 Bd7 12. Ne4 Nf6 13. Nc5 a5 14. b3 Re8 15. Bb2 Bg4 16. h3 Bd7 17. f4 Bf8 18. Nd3 Nh5 19. Nxe5 Nxe5 20. fxe5 g5 21. Rxd7 Kxd7 22. Nf5 c6 23. Bf3 Ng7 24. Nxg7 Bxg7 25. e6+ Kxe6 26. Bxg7 f6 27. Rf1 f5 28. Bxh6 Rg8 29. g4 f4 30. h4 gxh4 31. Bxf4 a4 32. b4 Raf8 33. Be3 h3 34. Kh2 Ke5 35. Kxh3 a3 36. Kg3 Rd8 37. g5 Rdf8 38. Rb1 Kf5 39. Rb3 Ra8 40. b5 Ra4 41. bxc6 bxc6 42. Bxc6 Rxc4 43. Rb5+ Kg6 44. Bd5 1-0

[Event "17th Memorial Lezcano Montalvo 2025"]
[Site "Gran Canaria"]
[Date "2025.04.16"]
[Round "5.11"]
[White "Krilovs, Nikolajs"]
[Black "Gomez Ledo, Roberto Carlos"]
[Result "0-1"]
[Annotator "RC"]
[ECO "E01"]
[WhiteElo "2112"]
[BlackElo "2396"]
[PlyCount "98"]
[EventDate "2025.04.13"]
[EventType "swiss"]
[EventCountry "ESP"]
[SourceTitle "playchess.com"]
[Source "ChessBase"]
[SourceQuality "1"]
[TimeControl "5400+30"]

1. d4 Nf6 2. c4 e6 3. Nf3 d5 4. g3 Bd6 5. Bg2 O-O 6. Qc2 Nc6 7. O-O dxc4 8. e4 e5 9. d5 Nb4 10. Qxc4 c6 11. Nc3 cxd5 12. exd5 Bf5 13. Ne1 h6 14. a3 Na6 15. b4 Rc8 16. Qb3 Qd7 17. Bb2 Nc7 18. Nf3 Rfe8 19. Rfe1 Re7 20. Rac1 Rce8 21. Nd2 Bh3 22. Bxh3 Qxh3 23. Nce4 Nxe4 24. Nxe4 Qd7 25. Red1 Rd8 26. a4 Ne8 27. Ba3 Qf5 28. f3 Red7 29. Kg2 Nf6 30. Nxf6+ Qxf6 31. Bb2 Qe7 32. Re1 f6 33. b5 Qf7 34. Red1 Bf8 35. Qe3 Rxd5 36. Rxd5 Qxd5 37. Rc2 b6 38. Qe2 Bc5 39. Bc1 Qd3 40. Qxd3 Rxd3 41. Rc4 Kf7 42. f4 Ke6 43. fxe5 fxe5 44. Kh3 Rd4 45. Rxd4 exd4 46. Kg4 d3 47. Bd2 Kd5 48. Kf5 Bd4 49. g4 Kc4 0-1

[Event "17th Memorial Lezcano Montalvo 2025"]
[Site "Gran Canaria"]
[Date "2025.04.16"]
[Round "5.12"]
[White "Halldorsson, Halldor"]
[Black "Barski, Radoslaw"]
[Result "0-1"]
[Annotator "RC"]
[ECO "B30"]
[WhiteElo "2103"]
[BlackElo "2385"]
[PlyCount "64"]
[EventDate "2025.04.13"]
[EventType "swiss"]
[EventCountry "ESP"]
[SourceTitle "playchess.com"]
[Source "ChessBase"]
[SourceQuality "1"]
[TimeControl "5400+30"]

1. e4 c5 2. Nf3 Nc6 3. Bb5 Nf6 4. Nc3 d6 5. O-O e5 6. d3 h6 7. a3 a6 8. Bc4 g6 9. h3 Bg7 10. Be3 O-O 11. Kh2 Nd4 12. Bxd4 cxd4 13. Nd5 Nh7 14. c3 dxc3 15. bxc3 Kh8 16. g4 b5 17. Bb3 f5 18. gxf5 gxf5 19. Rg1 Ra7 20. Rg3 Raf7 21. exf5 Rxf5 22. Ne3 Rf4 23. Nd5 R4f5 24. Ne3 Rh5 25. Ra2 Rxh3+ 26. Rxh3 Bxh3 27. Kg3 Bc8 28. Qh1 Qf6 29. Qh5 Qf4+ 30. Kg2 Bb7 31. Bd5 Nf6 32. Nh4 Nxh5 0-1

[Event "17th Memorial Lezcano Montalvo 2025"]
[Site "Gran Canaria"]
[Date "2025.04.16"]
[Round "5.13"]
[White "Garcia Padron, Jose"]
[Black "Marrero Cardenes, Agustin"]
[Result "1/2-1/2"]
[Annotator "RC"]
[ECO "A14"]
[WhiteElo "2355"]
[BlackElo "2163"]
[PlyCount "90"]
[EventDate "2025.04.13"]
[EventType "swiss"]
[EventCountry "ESP"]
[SourceTitle "playchess.com"]
[Source "ChessBase"]
[SourceQuality "1"]
[TimeControl "5400+30"]

1. Nf3 Nf6 2. c4 e6 3. g3 b6 4. Bg2 Bb7 5. O-O Be7 6. b3 O-O 7. Bb2 c5 8. Nc3 Nc6 9. e3 d5 10. cxd5 Nxd5 11. Nxd5 Qxd5 12. d4 Qd8 13. dxc5 Bxc5 14. Ne5 Nxe5 15. Bxb7 Rb8 16. Bg2 Nd3 17. Bc3 f5 18. Qd2 e5 19. b4 Be7 20. e4 Bg5 21. Qc2 fxe4 22. Bxe4 Nxf2 23. Rxf2 Be3 24. Raf1 Rc8 25. Kg2 Rxf2+ 26. Rxf2 Bxf2 27. Kxf2 Qf6+ 28. Kg2 Rf8 29. Qe2 Kh8 30. h4 Rc8 31. Qh5 h6 32. Bxe5 Qe6 33. Bg6 Qxa2+ 34. Kh3 Qd2 35. Bf5 Qc1 36. Qf3 Rf8 37. g4 Qe1 38. Bc3 Qc1 39. h5 Re8 40. Be5 Qe1 41. Be4 Qd2 42. Qf5 Qe3+ 43. Kg2 Qe2+ 44. Kg3 Qe3+ 45. Kh2 Qe2+ 1/2-1/2

[Event "17th Memorial Lezcano Montalvo 2025"]
[Site "Gran Canaria"]
[Date "2025.04.16"]
[Round "5.14"]
[White "Hu, Jiani"]
[Black "Sanz Wawer, Daniel"]
[Result "1/2-1/2"]
[Annotator "RC"]
[ECO "E05"]
[WhiteElo "2091"]
[BlackElo "2316"]
[PlyCount "89"]
[EventDate "2025.04.13"]
[EventType "swiss"]
[EventCountry "ESP"]
[SourceTitle "playchess.com"]
[Source "ChessBase"]
[SourceQuality "1"]
[TimeControl "5400+30"]

1. d4 Nf6 2. c4 e6 3. g3 d5 4. Bg2 Be7 5. Nf3 O-O 6. O-O dxc4 7. Qc2 a6 8. Qxc4 b5 9. Qc2 Bb7 10. Bg5 Nbd7 11. Bxf6 Nxf6 12. Nbd2 Rc8 13. Nb3 Be4 14. Qc3 Nd5 15. Qd2 Nb4 16. a3 Nc6 17. Qe3 Bd5 18. Rfd1 Bf6 19. Rac1 Ne7 20. Qd3 Nf5 21. e3 Nd6 22. Nc5 Nc4 23. Qe2 Bxf3 24. Bxf3 Qd6 25. a4 c6 26. b3 Nb6 27. a5 Nd5 28. e4 Bg5 29. exd5 Bxc1 30. Rxc1 cxd5 31. b4 Rfe8 32. Re1 Rc6 33. Bg4 Rc7 34. f4 Rce7 35. Qe5 Qc6 36. Qe3 Qd6 37. Bh3 Kf8 38. Kf2 Kg8 39. Qe5 Qc6 40. Qe3 Kf8 41. Re2 Qd6 42. Qe5 Qc6 43. Qe3 Qd6 44. Qe5 Qc6 45. Qe3 1/2-1/2

[Event "17th Memorial Lezcano Montalvo 2025"]
[Site "Gran Canaria"]
[Date "2025.04.16"]
[Round "5.15"]
[White "Torres Rebolledo, Alvaro"]
[Black "Bethencourt Hernandez, Alberto"]
[Result "1-0"]
[Annotator "RC"]
[ECO "B48"]
[WhiteElo "2311"]
[BlackElo "2122"]
[PlyCount "53"]
[EventDate "2025.04.13"]
[EventType "swiss"]
[EventCountry "ESP"]
[SourceTitle "playchess.com"]
[Source "ChessBase"]
[SourceQuality "1"]
[TimeControl "5400+30"]

1. e4 c5 2. Nf3 e6 3. d4 cxd4 4. Nxd4 Nf6 5. Nc3 Nc6 6. a3 a6 7. Be3 Qc7 8. Be2 Be7 9. O-O O-O 10. f4 d6 11. Qe1 b5 12. Qg3 Kh8 13. Nxc6 Qxc6 14. e5 dxe5 15. fxe5 Nd5 16. Nxd5 exd5 17. Bd3 Bc5 18. Bxc5 Qxc5+ 19. Kh1 Be6 20. Rf4 Qe7 21. Raf1 Rae8 22. Rh4 h6 23. Rxh6+ gxh6 24. Rf6 Qxf6 25. exf6 Bg4 26. h3 Re6 27. Qf4 1-0

[Event "17th Memorial Lezcano Montalvo 2025"]
[Site "Gran Canaria"]
[Date "2025.04.16"]
[Round "5.16"]
[White "Sukhodolskyi, Oleksii"]
[Black "Dubkov, Andrej"]
[Result "1/2-1/2"]
[Annotator "RC"]
[ECO "B42"]
[WhiteElo "2070"]
[BlackElo "2307"]
[PlyCount "91"]
[EventDate "2025.04.13"]
[EventType "swiss"]
[EventCountry "ESP"]
[SourceTitle "playchess.com"]
[Source "ChessBase"]
[SourceQuality "1"]
[TimeControl "5400+30"]

1. e4 c5 2. Nf3 e6 3. d4 cxd4 4. Nxd4 a6 5. Bd3 Qc7 6. c4 Nc6 7. Nxc6 bxc6 8. O-O Nf6 9. Nc3 e5 10. Be3 d6 11. h3 Be7 12. Qe2 O-O 13. f4 exf4 14. Bxf4 Nd7 15. Qe3 Qb8 16. Rab1 Bf6 17. Ne2 a5 18. Nd4 Qc7 19. Nf3 Ne5 20. Nxe5 Bxe5 21. c5 dxc5 22. Bxe5 Qxe5 23. Rfc1 Qd4 24. Qxd4 cxd4 25. Rxc6 Be6 26. Bc4 Rac8 27. Rxe6 Rxc4 28. Rd6 g6 29. b3 Rc2 30. Rxd4 Rfc8 31. Rbd1 Rxa2 32. Rd8+ Rxd8 33. Rxd8+ Kg7 34. e5 h5 35. h4 a4 36. bxa4 Rxa4 37. g3 Re4 38. Re8 Re2 39. Kf1 Ra2 40. Kg1 Ra6 41. Kg2 Ra2+ 42. Kg1 g5 43. hxg5 Kg6 44. e6 fxe6 45. Rxe6+ Kxg5 46. Re4 1/2-1/2

[Event "17th Memorial Lezcano Montalvo 2025"]
[Site "Gran Canaria"]
[Date "2025.04.16"]
[Round "5.17"]
[White "Meneses Gonzalez, Kevin Moises"]
[Black "Ramirez Maillo, Cristian"]
[Result "1-0"]
[Annotator "RC"]
[ECO "A49"]
[WhiteElo "2307"]
[BlackElo "2106"]
[PlyCount "53"]
[EventDate "2025.04.13"]
[EventType "swiss"]
[EventCountry "ESP"]
[SourceTitle "playchess.com"]
[Source "ChessBase"]
[SourceQuality "1"]
[TimeControl "5400+30"]

1. Nf3 Nf6 2. g3 g6 3. b3 Bg7 4. Bb2 O-O 5. Bg2 d6 6. d4 a5 7. a4 c6 8. O-O Nbd7 9. Nbd2 Re8 10. e4 e5 11. Re1 Qc7 12. Nc4 Nxe4 13. Rxe4 d5 14. Rxe5 Rf8 15. Ne3 Nxe5 16. Nxe5 f6 17. Nd3 Be6 18. c4 dxc4 19. bxc4 Rad8 20. d5 Bf7 21. Qb3 Rfe8 22. Bd4 f5 23. Bxg7 Kxg7 24. Rb1 Re7 25. Nc5 cxd5 26. Nxb7 Rde8 27. cxd5 1-0

[Event "17th Memorial Lezcano Montalvo 2025"]
[Site "Gran Canaria"]
[Date "2025.04.16"]
[Round "5.18"]
[White "Castellanos Gomez, Alejandro"]
[Black "Blanco Garcia Bajo, David"]
[Result "1-0"]
[Annotator "RC"]
[ECO "E14"]
[WhiteElo "2267"]
[BlackElo "2098"]
[PlyCount "77"]
[EventDate "2025.04.13"]
[EventType "swiss"]
[EventCountry "ESP"]
[SourceTitle "playchess.com"]
[Source "ChessBase"]
[SourceQuality "1"]
[TimeControl "5400+30"]

1. d4 e6 2. Nf3 Nf6 3. e3 b6 4. Bd3 Bb7 5. O-O d5 6. b3 Bd6 7. Bb2 O-O 8. c4 Ne4 9. Nc3 a6 10. Rc1 Nd7 11. Qc2 f5 12. cxd5 exd5 13. Ne2 Qe7 14. Ne5 c5 15. Nxd7 Qxd7 16. f3 Rac8 17. fxe4 fxe4 18. Rxf8+ Rxf8 19. Bxe4 dxe4 20. dxc5 Bxc5 21. Bd4 Rc8 22. Qb2 Qd6 23. Bxc5 Rxc5 24. Rxc5 Qxc5 25. Qd2 Qd5 26. Nd4 a5 27. Qc3 Ba6 28. Qc7 Qc5 29. Qd8+ Kf7 30. Qd7+ Qe7 31. Qd5+ Kg6 32. Qf5+ Kh6 33. Qf4+ Kg6 34. Nc6 Qe6 35. Ne5+ Kh5 36. Qxe4 g6 37. Qf4 g5 38. g4+ Kh6 39. Qf8# 1-0

[Event "17th Memorial Lezcano Montalvo 2025"]
[Site "Gran Canaria"]
[Date "2025.04.16"]
[Round "5.19"]
[White "Moreno Diepa, Diego"]
[Black "Cruz Ramirez, Nauzet"]
[Result "1-0"]
[Annotator "RC"]
[ECO "B12"]
[WhiteElo "2243"]
[BlackElo "2076"]
[PlyCount "33"]
[EventDate "2025.04.13"]
[EventType "swiss"]
[EventCountry "ESP"]
[SourceTitle "playchess.com"]
[Source "ChessBase"]
[SourceQuality "1"]
[TimeControl "5400+30"]

1. e4 c6 2. d4 d5 3. e5 c5 4. dxc5 e6 5. Qh5 Bxc5 6. Bd3 Nd7 7. Nf3 g6 8. Qh3 Bf8 9. O-O Bg7 10. Re1 Ne7 11. Nc3 a6 12. Bf4 h6 13. Rad1 Nc6 14. Bxg6 fxg6 15. Qxe6+ Ne7 16. Nxd5 Kf8 17. Nf6 1-0

[Event "17th Memorial Lezcano Montalvo 2025"]
[Site "Gran Canaria"]
[Date "2025.04.16"]
[Round "5.20"]
[White "Calzetta Ruiz, Monica"]
[Black "Sosa Suarez, Carla Cristina"]
[Result "1-0"]
[Annotator "RC"]
[ECO "B13"]
[WhiteElo "2224"]
[BlackElo "2056"]
[PlyCount "67"]
[EventDate "2025.04.13"]
[EventType "swiss"]
[EventCountry "ESP"]
[SourceTitle "playchess.com"]
[Source "ChessBase"]
[SourceQuality "1"]
[TimeControl "5400+30"]

1. e4 c6 2. d4 d5 3. exd5 cxd5 4. c4 Nf6 5. Nc3 Nc6 6. Nf3 a6 7. cxd5 Nxd5 8. Bc4 Nb6 9. Bb3 e6 10. O-O Be7 11. Re1 O-O 12. Be3 Bd7 13. Rc1 Rc8 14. a3 Na5 15. Ba2 Nac4 16. Qe2 Bc6 17. d5 Nxe3 18. dxc6 Nf5 19. cxb7 Rc5 20. Qxa6 Qc7 21. Nb5 Qf4 22. Rxc5 Bxc5 23. b4 Nh4 24. bxc5 Nxg2 25. Kxg2 Qg4+ 26. Kf1 Qxf3 27. Qxb6 Qh1+ 28. Ke2 Qe4+ 29. Kd2 Qf4+ 30. Re3 Qxf2+ 31. Re2 Qf4+ 32. Kc2 Qf5+ 33. Kb2 Qf6+ 34. Nc3 1-0

[Event "17th Memorial Lezcano Montalvo 2025"]
[Site "Gran Canaria"]
[Date "2025.04.16"]
[Round "5.21"]
[White "Fernandez Lozano, Francesc"]
[Black "Fiorito, Fabian"]
[Result "0-1"]
[Annotator "RC"]
[ECO "B43"]
[WhiteElo "2042"]
[BlackElo "2268"]
[PlyCount "94"]
[EventDate "2025.04.13"]
[EventType "swiss"]
[EventCountry "ESP"]
[SourceTitle "playchess.com"]
[Source "ChessBase"]
[SourceQuality "1"]
[TimeControl "5400+30"]

1. e4 c5 2. Nc3 e6 3. Nf3 a6 4. d4 cxd4 5. Nxd4 Qc7 6. g3 Bb4 7. Nde2 Be7 8. Bg2 d6 9. a4 Nc6 10. Nd4 Nf6 11. Nxc6 bxc6 12. a5 O-O 13. O-O Bb7 14. Re1 Nd7 15. Be3 c5 16. Qd2 Ne5 17. Qe2 Nc6 18. Bd2 Bf6 19. Na4 Nd4 20. Qd1 Rad8 21. f4 d5 22. e5 Be7 23. Nb6 Nf5 24. Kh1 g6 25. Rc1 c4 26. Qe2 h5 27. Qf3 Kg7 28. b4 h4 29. Kg1 h3 30. Bh1 Nd4 31. Qf1 c3 32. Be3 Nf5 33. Bc5 Bxc5+ 34. bxc5 Qxc5+ 35. Qf2 Qc7 36. g4 Nh6 37. Bf3 d4 38. Red1 Bxf3 39. Qxf3 d3 40. cxd3 Rd4 41. Qe3 Rfd8 42. g5 Nf5 43. Qf3 Qc5 44. Qf2 Qc6 45. Rc2 Rxd3 46. Rxd3 Rxd3 47. Qe2 Qc5+ 0-1